 Dungeon Sprint DCSS version 0.27-a0-40-g5f2be0e231 (webtiles) character file.

Game seed: 10350005904393374355

49 mhtbhm the Shield-Bearer (level 3, -2/37 HPs)
             Began as a Minotaur Fighter on Jan 6, 2021.
             Slain by an ogre
             ... wielding a +0 giant club
              (27 damage)
             ... in the Dungeon (Sprint IX: "|||||||||||||||||||||||||||||").
             The game lasted 00:00:18 (28 turns).

mhtbhm the Shield-Bearer (Minotaur Fighter)           Turns: 28, Time: 00:00:18

Health: -2/37      AC:  7    Str: 21    XL:     3   Next: 51%
Magic:  2/2        EV:  8    Int:  5    God:
Gold:   0          SH: 10    Dex:  9    Spells: 2/2 levels left

rFire    . . .     SeeInvis .   a - +0 long sword
rCold    . . .     Faith    .   c - +0 kite shield
rNeg     . . .     Spirit   .   b - +0 scale mail
rPois    .         Reflect  .   (helmet restricted)
rElec    .         Harm     .   (no cloak)
rCorr    .         Rampage  .   (no gloves)
Will     .....     NoTele   +   (no boots)
Stlth    ..........             (no amulet)
HPRegen  0.12/turn              (no ring)
MPRegen  0.08/turn              (no ring)

@: no status effects
A: retaliatory headbutt, horns 2
a: no special abilities


You were in the Dungeon.
You visited 1 branch

Inventory:

Hand Weapons
 a - a +0 long sword (weapon)
Armour
 b - a +0 scale mail (worn)
 c - a +0 kite shield (worn)
Scrolls
 j - a scroll of blinking
Potions
 d - a potion of might
 e - a potion of curing
 f - a potion of heal wounds
 g - a potion of haste
 h - 2 potions of magic
 i - a potion of berserk rage


   Skills:
 + Level 5.8 Fighting
 + Level 3.8 Long Blades
 + Level 5.7 Armour
 + Level 5.8 Shields


You had 2 spell levels left.
You didn't know any spells.
Your spell library was empty.

Dungeon Overview and Level Annotations

Branches:
Dungeon (1/1)

Altars:


Innate Abilities, Weirdness & Mutations

You reflexively headbutt those who attack you in melee.
You have a pair of horns on your head.


Message History

You block the adder's attack.
You closely miss the adder. Your headbutt misses the adder.
You block the adder's attack.
You hit the adder.
The adder is heavily wounded.
You block the adder's attack. The adder bites you but does no damage.
Unknown command.
You closely miss the adder.
The adder is moderately wounded.
You block the adder's attack. The adder bites you but does no damage.
You hit the adder.
The adder is severely wounded.
The adder completely misses you.
You hit the adder.
You kill the adder!
You barely miss the ogre. Your headbutt misses the ogre.
You block the ogre's attack.
The ogre hits you with a +0 giant club!!
Ouch! That really hurt!
You die... ▓▓▓▓▓▓▓▓▓▓▓▓▓▓▓▓▓▓ ▓<...)†...@Oo....+ ▓▓▓▓▓▓▓▓▓▓▓▓▓▓▓▓▓▓

You could see an ogre and an orc.

Vanquished Creatures
  An iguana (D)
  An adder (D)
  A shadow imp (D)
  A bat (D)
  2 giant cockroaches (D)
  A goblin (D)
  A hobgoblin (D)
8 creatures vanquished.

Notes
Turn   | Place    | Note
-------+----------+-------------------------------------------
     0 | D        | mhtbhm the Minotaur Fighter began the quest for the Orb.
     0 | D        | Reached XP level 1. HP: 19/19 MP: 0/0
     4 | D        | Banished a spatial maelstrom
    17 | D        | Noticed an iguana
    17 | D        | Noticed an ogre
    20 | D        | Killed an iguana
    21 | D        | Reached skill level 5 in Fighting
    21 | D        | Reached skill level 5 in Armour
    21 | D        | Reached skill level 5 in Shields
    21 | D        | Reached XP level 2. HP: 19/29 MP: 1/1
    21 | D        | Reached XP level 3. HP: 23/36 MP: 2/2
    28 | D        | Slain by an ogre

Illustrated notes

Levels and vault maps discovered:
D:        linesprint [early_d, line_temple, items_1, d_10, items_2, lair_1,
          lair_end, items_3, orc_1, orc_end, items_4, d_15, swamp_1, shoals_1,
          snake_1, spider_1, d_20, vaults_1, items_5, swamp_end, shoals_end,
          snake_end, spider_end, vaults_end, d_27, items_6, zot_1, zot_end,
          crypt_end, forest_end, elf_end, slime_end, tomb_end, abyss_end,
          pan_hell_end]

Skill      XL: |  1 |
---------------+----+-----
Fighting       | 5 |  5.8
Armour         | 5 |  5.7
Shields        | 5 |  5.8
Long Blades    | 3 |  3.8

Action                   || total
-------------------------++-------
Melee: Long sword        ||    18
       Headbutt          ||     3
Armor: Scale mail        ||     9
Dodge: Dodged            ||     4
Block: Kite shield       ||     8
       Rpst.: Long sword ||     3

Table legend: (Time is in decaauts)
 A = Elapsed time spent in this place.
 B = Non-inter-level travel time spent in this place.
 C = Inter-level travel time spent in this place.
 D = Time resting spent in this place.
 E = Time spent auto-exploring this place.
 F = Levels seen in this place.
 G = Mean time per level.
                   A        B        C        D        E       F      G
               +--------+--------+--------+--------+--------+-----+--------+
         Total |     33 |     33 |      0 |      0 |      3 |   1 |   33.0 |
       Dungeon |     33 |     33 |      0 |      0 |      3 |   1 |   33.0 |
               +--------+--------+--------+--------+--------+-----+--------+

Top non-repeatable levels by time:
       D: 33 daAuts
